 Dungeon Crawl Stone Soup version 0.18.1-8-gdd0e5ea (webtiles) character file.

65 pipel the Sneak (level 3, 0/17 HPs)
             Began as a Spriggan Enchanter on May 21, 2016.
             Killed from afar by an orc wizard (6 damage)
             ... with a magic dart
             ... on level 3 of the Dungeon.
             The game lasted 00:07:08 (1662 turns).

pipel the Sneak (Spriggan Enchanter)                Turns: 1662, Time: 00:07:08

Health: 0/17       AC:  3    Str:  4    XL:     3   Next: 94%
Magic:  7/7        EV: 19    Int: 17    God:
Gold:   163        SH:  0    Dex: 16    Spells: 3 memorised, 2 levels left

rFire  . . .     SeeInvis +     a - +1 dagger
rCold  . . .     Gourm    .     b - +1 robe
rNeg   . . .     Faith    .     (shield restricted)
rPois  .         Spirit   .     (helmet restricted)
rElec  .         Dismiss  .     (no cloak)
rCorr  .         Reflect  .     (gloves unavailable)
SustAt .         Harm     .     (boots unavailable)
MR     .....                    (no amulet)
Stlth  +++.......               (no ring)
                                (no ring)

@: very quick, not resistant to hostile enchantments, fairly stealthy
A: unfitting armour, see invisible, herbivore 3, speed 3, low mp 1, slow
metabolism 2, subdued magic 1, MP-powered wands
a: no special abilities


You were on level 3 of the Dungeon.
You were not hungry.

You visited 1 branch of the dungeon, and saw 3 of its levels.

You collected 163 gold pieces.

Inventory:

Hand Weapons
 a - a +1 dagger (weapon)
 h - a +1 whip of electrocution
Missiles
 l - 2 tomahawks of returning (quivered)
Armour
 b - a +1 robe (worn)
Scrolls
 f - a scroll of enchant weapon {unknown}
 j - a scroll of identify {unknown}
 k - 2 scrolls of recharging {unknown}
Potions
 e - a potion of curing
 i - a potion of resistance {unknown}
 m - a potion of degeneration {unknown}
Books
 c - a book of Maledictions

   Spells                             Type                      Level
   a - Corona                         Hexes                        1
   b - Ensorcelled Hibernation        Hexes/Ice                    2
   c - Confuse                        Hexes                        3
   d - Tukima's Dance                 Hexes                        3
   e - Dazzling Spray                 Conjuration/Hexes            3
Comestibles
 d - 3 bread rations
 g - a slice of pizza


   Skills:
 + Level 0.4 Fighting
 + Level 1.5 Short Blades
 + Level 3.8 Dodging
 + Level 5.6 Stealth
 + Level 3.1 Spellcasting
 + Level 4.1 Hexes
 + Level 0.1 Ice Magic


You had 2 spell levels left.
You knew the following spells:

 Your Spells              Type           Power        Failure   Level  Hunger
a - Corona                Hex            ##.....      2%          1    None
d - Tukima's Dance        Hex            ##......     10%         3    ###....
h - Ensorcelled Hibernat  Hex/Ice        #.....       12%         2    ##.....


Dungeon Overview and Level Annotations

Branches:
Dungeon (3/15)

Altars:
Qazlal


Innate Abilities, Weirdness & Mutations

You are tiny and cannot use many weapons and most armour.
You have supernaturally acute eyesight.
You are a herbivore.
You cover ground extremely quickly.
You need consume almost no food.
Your magical capacity is low (-10% MP).
Your spells are a little easier to cast, but a little less powerful.
You expend magic power (3 MP) to strengthen your wands.


Message History

m - a coppery potion
Found 11 gold pieces.
You now have 153 gold pieces (gained 11).
An orc comes into view.
An orc comes into view. It is wielding a dagger.
The orc moves out of view.
An orc wizard comes into view. It is wielding a dagger.
The orc wizard shouts!
The orc wizard casts a spell.
The orc wizard blinks!
The orc shouts!
There is an open door here.
You now have 163 gold pieces (gained 10).
MP restored: 7 The orc wizard casts a spell at you.
The magic dart hits you!
You take 7 damage, and have 6/17 hp.
MASSIVE DAMAGE!!
The orc wizard points at you and mumbles some strange words.
The magic dart hits you!
You die...

.. #....# ....##....###
.............# #### #.#
#........# #... #.# #.....<..#
##### #... #.# ##.......# #...#
#... #.#.##....).%###
###...#####...####.#.##.......#..
.........oo.....@................
####'#############.#.###...##.#..
.#...######## #.# #...##.#..
............# #.# +...'..#.#
##.########.######.#####...######
... ...................+...+...>.
.#.########.#........###...##....
.#.###### #.#........# #...##....
.#......# #.#........# ######....


You could see an orc wizard and an orc.

Vanquished Creatures
  2 adders (D:2)
  2 worms
  A dart slug (D:1)
  A giant gecko (D:2)
  An orc (D:3)
  3 giant cockroaches
  4 goblins
  4 hobgoblins
  4 jackals
  2 kobolds (D:1)
  3 quokkas
  2 bats (D:2)
  7 rats
36 creatures vanquished.

Notes
Turn   | Place    | Note
--------------------------------------------------------------
     0 | D:1      | pipel the Spriggan Enchanter began the quest for the Orb.
     0 | D:1      | Reached XP level 1. HP: 9/9 MP: 5/5
   335 | D:1      | Reached XP level 2. HP: 12/13 MP: 6/6
   401 | D:1      | Learned a level 2 spell: Ensorcelled Hibernation
   593 | D:2      | Reached skill level 5 in Stealth
   607 | D:2      | Gained mutation: Your spells are a little easier to cast, but a little less powerful. [potion of mutation]
   607 | D:2      | Gained mutation: Your magical capacity is low (-10% MP). [potion of mutation]
   607 | D:2      | Gained mutation: You expend magic power (3 MP) to strengthen your wands. [potion of mutation]
   624 | D:2      | Reached XP level 3. HP: 16/16 MP: 0/7
   642 | D:2      | Learned a level 3 spell: Tukima's Dance
   682 | D:2      | Found a stormy altar of Qazlal.
  1662 | D:3      | Killed from afar by an orc wizard

Skill      XL: |  1  2  3 |
---------------+----------+-----
Stealth        | 5 |  5.6
Hexes          | 4 |  4.1
Spellcasting   | 3 |  3.1
Fighting       | |  0.4
Short Blades   | |  1.5
Dodging        | |  3.8
Ice Magic      | |  0.1

Action                   || total
-------------------------++-------
Melee: Dagger            ||   107
Throw: Tomahawk          ||     1
 Cast: Ensorcelled Hiber ||    17
       Corona            ||     2
  Use: Potion            ||     3
 Stab: Sleeping          ||    20
Armor: Robe              ||     8
Dodge: Dodged            ||    97
